Map: Stranded Isles

Players

JavaGrinder

  • Race: Terran Terran
  • League: Diamond
  • Spawn Location: 3:00

Crankshaft

  • Race: Zerg Zerg
  • Spawn Location: 6:00

GreatAntibob

  • Race: Protoss Protoss
  • Spawn Location: 6:00

Throwfordays

  • Race: Protoss Protoss
  • League: Silver
  • Spawn Location: 9:00

Cthulhu

  • Race: Zerg Zerg
  • Spawn Location: 12:00

Faust

  • Race: Zerg Zerg
  • League: Diamond
  • Spawn Location: 12:00

VOD

Have the link to the VOD?

Description

Time

  • Played on: April 11, 2019, 11:43 p.m.
  • Length: 15:18
Show
View Real Time Build Order
Export as new Build Order

JavaGrinder Terran 

Build Orders:  

Get SALT Encoding   

  12  0:01  SCV  
  13  0:13  SCV  
  14  0:25  SCV  
  15  0:39  Supply Depot  
  15  1:00  SCV  
  15  1:03  Barracks  
  16  1:13  SCV  
  16  1:17  Command Center  
  17  1:25  SCV  
  18  1:37  SCV  
  19  1:45  Barracks  
  19  1:50  Barracks  
  19  1:52  Marine  
  19  1:54  SCV  
  21  2:07  Barracks  
  21  2:13  Supply Depot  
  21  2:24  SCV  
  21  2:29  Supply Depot  
  22  2:30  SCV  
  22  2:37  SCV  
  24  2:39  Marine  
  24  2:43  Marine  
  24  2:44  Marine  
  27  2:52  SCV  
  27  2:53  SCV  
  27  2:54  Marine  
  27  2:57  Marine  
  31  3:02  Marine x2  
  33  3:10  SCV  
  33  3:12  Marine, SCV  
  36  3:14  Marine  
  36  3:17  Supply Depot  
  37  3:20  Marine x2  
  39  3:29  Marine  
  39  3:32  Marine  
  41  3:38  Marine x2  
  43  3:43  SCV x2  
  43  3:47  Marine  
  46  3:49  Refinery  
  46  3:50  Marine  
  46  3:51  Refinery  
  46  3:55  Marine, SCV x2  
  49  3:56  Marine  
  51  4:04  Barracks  
  51  4:05  Marine  
  51  4:07  SCV  
  51  4:08  Marine  
  54  4:11  Refinery x2  
  54  4:13  Marine, SCV  
  56  4:19  SCV  
  56  4:20  Marine  
  56  4:23  Marine  
  52  4:26  Marine  
  52  4:52  Marine x2  
  52  4:53  Marine x2  
  52  4:58  SCV x2  
  58  5:10  Marine x2, SCV x2  
  62  5:18  Marine x2  
  59  5:28  Marine x2  
  49  5:29  Barracks Tech Lab  
  49  5:31  Barracks  
  48  5:36  Marine x2  
  48  5:37  Engineering Bay  
  48  5:38  Engineering Bay  
  48  5:41  Orbital Command  
  50  5:46  Marine x2  
  52  5:54  Marine x2  
  55  5:57  Orbital Command  
  55  6:04  Marine, Terran Infantry Weapons Level 1, Factory  
  54  6:08  Terran Infantry Armor Level 1  
  55  6:13  Stimpack  
  55  6:17  Marine x4  
  59  6:21  Marine  
  60  6:49  Marine x5  
  60  6:50  Marine  
  60  6:51  Factory Tech Lab  
  66  7:06  Marine  
  66  7:07  Marine x3  
  66  7:08  Marine x2  
  72  7:11  Siege Tank  
  72  7:12  SCV  
  72  7:13  SCV  
  77  7:24  SCV  
  78  7:30  Marine x6  
  78  7:31  SCV  
  78  7:36  SCV  
  70  7:48  Marine x6, Armory  
  76  7:51  Command Center  
  76  8:03  Command Center  
  74  8:06  Marine x6  
  71  8:14  Siege Tank  
  71  8:15  Command Center  
  73  8:24  Marine x5  
  78  8:32  Marine  
  76  8:41  Terran Infantry Armor Level 2, Terran Infantry Weapons Level 2  
  64  8:42  Marine x5  
  64  8:46  Siege Tank  
  72  8:49  Marine, SCV x2  
  72  8:51  Terran Vehicle Weapons Level 1  
  75  8:57  Starport  
  75  8:59  Marine x3, Starport  
  78  9:03  Marine x2, SCV x2  
  78  9:04  Armory, Starport  
  78  9:07  Marine, Supply Depot  
  78  9:08  Supply Depot  
  83  9:13  Orbital Command  
  83  9:17  Marine x3  
  83  9:18  Orbital Command, Siege Tank  
  83  9:21  Marine x2  
  88  9:25  Marine  
  88  9:29  Supply Depot  
  88  9:30  Supply Depot  
  83  9:33  SCV x3  
  83  9:35  Marine x3  
  86  9:38  Marine x2  
  86  9:43  Marine  
  86  9:44  Starport Tech Lab x3  
  87  9:50  SCV x2, Siege Tank  
  87  9:51  SCV  
  87  9:52  Refinery, Fusion Core  
  93  9:53  Marine x3, Supply Depot  
  93  9:54  Supply Depot  
  93  9:56  Refinery, Marine x2  
  93  9:58  Terran Vehicle And Ship Armor Level 1  
  98  10:01  Marine  
  99  10:11  Marine x3  
  102  10:14  Marine x2  
  102  10:18  Marine  
  94  10:28  Marine  
  94  10:29  Marine x2  
  94  10:32  Marine x2  
  96  10:36  Marine  
  93  10:45  Terran Ship Weapons Level 1  
  93  10:46  Marine x3  
  87  10:50  Marine  
  87  10:52  Battlecruiser x3  
  87  10:53  Marine  
  87  10:54  Marine  
  87  10:55  Siege Tank  
  102  11:04  Marine x3  
  102  11:07  Marine  
  102  11:11  Marine  
  107  11:12  Marine  
  107  11:13  Combat Shield  
  108  11:22  Marine x3  
  111  11:25  Marine  
  111  11:28  SCV x2  
  111  11:29  Marine, SCV x2  
  111  11:30  Marine  
  118  11:36  Terran Infantry Weapons Level 3  
  118  11:37  Terran Infantry Armor Level 3  
  118  11:39  Supply Depot  
  118  11:40  Marine x3, SCV  
  118  11:43  Marine  
  118  11:46  Marine  
  124  11:48  Marine  
  125  11:56  Viking, Battlecruiser x2  
  125  11:57  Marine  
  125  11:58  Marine x2  
  125  12:01  Marine  
  142  12:04  Marine  
  144  12:21  Marine x3  
  144  12:22  Marine x3  
  150  12:27  Battlecruiser  
  156  12:39  Marine x2  
  140  12:45  Marine  
  140  12:46  Marine x3  
  140  12:48  Siege Tank  
  146  12:57  Marine x2  
  140  13:01  Battlecruiser x2  
  140  13:03  Marine x2  
  140  13:04  Marine x2  
  153  13:15  Marine x2  
  153  13:21  Marine x3  
  153  13:22  Marine  
  147  13:31  Battlecruiser  
  147  13:32  Marine  
  147  13:33  Marine  
  148  13:39  Marine x4  
  152  13:46  SCV x3  
  155  13:49  Refinery  
  155  13:50  Marine x2  
  155  13:54  Command Center  
  157  13:59  Marine  
  157  14:00  Marine x3  
  157  14:01  SCV  
  153  14:05  Battlecruiser  
  153  14:07  Command Center  
  153  14:08  Marine x2, Viking  
  144  14:17  Marine  
  144  14:18  Marine x3  
  143  14:26  Marine x2  
  139  14:38  Viking  
Show
View Real Time Build Order
Export as new Build Order

Crankshaft Zerg 

Build Orders: Pool First 

Get SALT Encoding   

  12  0:01  Drone  
  13  0:14  Overlord  
  13  0:20  Drone  
  14  0:37  Drone x3  
  14  0:40  Extractor  
  16  1:03  Drone x2  
  18  1:07  Spawning Pool  
  17  1:24  Drone x2  
  19  1:54  Hatchery  
  19  1:56  Queen  
  19  1:57  Metabolic Boost  
  20  2:01  Zergling x2  
  20  2:05  Zergling x2  
  22  2:13  Overlord  
  22  2:35  Lair  
  22  2:37  Zergling x4  
  22  2:38  Zergling x2  
  25  3:06  Zergling x6  
  28  3:15  Extractor  
  28  3:19  Queen  
  29  3:27  Drone  
  29  3:30  Extractor, Drone x2  
  29  3:31  Drone x2  
  33  3:41  Spire  
  31  3:55  Extractor, Drone  
  30  3:56  Drone x2  
  33  4:11  Drone x2  
  33  4:15  Overlord  
  31  4:31  Drone  
  31  4:32  Drone x3  
  31  4:35  Drone  
  31  4:36  Drone x2  
  38  4:42  Drone x2  
  38  4:43  Drone  
  38  4:53  Overlord  
  38  5:00  Mutalisk x2  
  38  5:03  Overlord  
  38  5:06  Drone x2  
  44  5:19  Mutalisk x4  
  52  5:25  Overseer  
  52  5:26  Pneumatized Carapace  
  52  5:33  Drone  
  53  5:35  Overlord  
  53  5:38  Zerg Flyer Weapons Level 1  
  53  5:42  Mutalisk x3  
  59  6:01  Mutalisk  
  59  6:04  Overlord  
  61  6:11  Hatchery  
  54  13:03  Mutalisk  
  56  13:08  Mutalisk x3  
  56  13:09  Mutalisk x3  
  68  13:15  Queen  
Show
View Real Time Build Order
Export as new Build Order

GreatAntibob Protoss 

Build Orders: Archon Immortal 

Get SALT Encoding   

  12  0:01  Probe  
  13  0:13  Probe  
  14  0:25  Probe  
  14  0:28  Pylon  
  15  0:46  Gateway, Probe  
  16  0:53  Gateway  
  16  0:57  Probe  
  17  1:05  Probe  
  17  1:09  Assimilator  
  18  1:13  Pylon  
  18  1:15  Probe  
  19  1:22  Assimilator  
  19  1:27  Probe  
  20  1:35  Zealot  
  20  1:37  Zealot  
  20  1:39  Probe  
  25  1:51  Probe  
  26  2:00  Zealot  
  26  2:03  Probe  
  29  2:16  Pylon  
  29  2:20  Cybernetics Core  
  29  2:22  Probe  
  30  2:49  Nexus  
  30  2:56  Warp Gate  
  30  3:07  Zealot  
  30  3:08  Twilight Council  
  30  3:11  Probe  
  33  3:23  Probe  
  34  3:29  Forge  
  34  3:38  Probe  
  35  3:41  Robotics Facility  
  35  3:44  Charge  
  35  3:52  Protoss Ground Armor Level 1  
  35  3:56  Probe  
  35  3:57  Probe  
  35  3:59  Pylon  
  37  4:08  Probe  
  37  4:09  Probe  
  39  4:20  Probe  
  39  4:23  Probe  
  41  4:25  Gateway  
  41  4:36  Probe x2  
  37  4:47  Immortal  
  37  4:50  Probe x2  
  43  5:01  Dark Shrine  
  43  5:02  Probe  
  43  5:04  Assimilator  
  44  5:11  Probe  
  45  5:14  Probe  
  46  5:22  Warp Prism  
  46  5:24  Assimilator, Probe  
  46  5:26  Probe  
  48  5:38  Zealot  
  48  5:39  Zealot x2  
  48  5:41  Probe  
  55  5:53  Probe x2  
  55  5:54  Nexus  
  57  5:58  Immortal  
  61  6:05  Probe  
  62  6:16  Pylon  
  62  6:19  Pylon  
  62  6:21  Assimilator  
  62  6:34  Probe x2  
  62  6:37  Immortal  
  68  6:46  Probe  
  69  6:50  Zealot x3  
  75  7:12  Immortal  
  75  7:18  Probe x2  
  75  7:21  Protoss Ground Armor Level 2  
  75  7:22  Gateway, Probe  
  82  7:24  Gateway  
  82  7:27  Gateway x2  
  82  7:30  Probe  
  79  7:46  Immortal  
  79  7:51  Probe x3  
  74  8:01  Assimilator  
  74  8:02  Dark Templar, Zealot x2  
  72  8:22  Immortal  
  76  8:34  Zealot x2  
  76  8:35  Zealot  
  76  8:36  Dark Templar x3  
  84  8:45  Robotics Facility  
  84  8:47  Robotics Bay  
  84  8:53  Probe x2  
  84  8:55  Zealot x3  
  92  9:04  Pylon  
  92  9:05  Pylon  
  92  9:07  Pylon  
  92  9:13  Nexus  
  92  9:17  Pylon  
  92  9:18  Pylon  
  92  9:20  Pylon  
  92  9:22  Immortal  
  96  9:28  Extended Thermal Lance  
  96  9:35  Zealot x2  
  96  9:36  Dark Templar x2, Protoss Ground Armor Level 3  
  96  9:37  Immortal  
  108  9:55  Zealot x2  
  108  9:56  Dark Templar x2  
  108  9:57  Colossus, Archon  
  108  9:58  Archon  
  122  10:12  Immortal  
  122  10:13  Zealot x3  
  128  10:16  Archon  
  132  10:27  Zealot x2  
  136  10:29  Dark Templar  
  136  10:30  Dark Templar  
  136  10:33  Zealot  
  136  10:34  Zealot x2  
  146  10:45  Immortal  
  146  10:46  Colossus  
  146  10:51  Zealot x2  
  146  11:15  Zealot x3  
  146  11:16  Dark Templar x2  
  146  11:17  Zealot x2  
  150  11:24  Colossus  
  142  11:40  Zealot x3  
  142  11:41  Dark Templar x2  
  144  11:55  Immortal  
  140  12:14  Probe x3  
  141  12:17  Colossus  
  141  12:20  Zealot  
  141  12:21  Zealot x3  
  155  12:24  Protoss Ground Weapons Level 1  
  155  12:26  Probe  
  156  12:41  Pylon x2  
  156  12:42  Pylon  
  156  12:49  Pylon  
  156  12:50  Pylon, Probe x2  
  156  12:55  Gateway x2  
  156  12:56  Immortal  
  156  12:58  Gateway, Probe x2  
  156  13:01  Colossus  
  156  13:18  Zealot x3  
  156  13:20  Dark Templar x4  
  156  13:24  Archon x2  
  164  13:27  Colossus  
  156  13:46  Assimilator  
  156  13:49  Zealot x4  
  156  13:50  Assimilator  
  156  13:55  Immortal  
  154  14:26  Stalker  
  154  14:27  Stalker x4  
  154  14:28  Stalker x3  
  154  14:29  Stalker x2  
  180  14:49  Stalker x3  
  180  14:50  Stalker x3  
Show
View Real Time Build Order
Export as new Build Order

Throwfordays Protoss 

Build Orders:  

Get SALT Encoding   

  12  0:00  Probe  
  13  0:15  Pylon  
  13  0:18  Probe  
  14  0:30  Probe  
  15  0:37  Gateway  
  15  0:44  Probe  
  15  0:45  Assimilator  
  16  0:52  Probe  
  17  1:01  Probe  
  18  1:18  Probe  
  19  1:27  Cybernetics Core  
  19  1:30  Probe  
  20  1:35  Pylon  
  20  1:55  Zealot  
  22  2:02  Nexus  
  22  2:06  Pylon  
  22  2:14  Warp Gate  
  22  2:16  Assimilator  
  22  2:21  Robotics Facility  
  22  2:37  Gateway  
  22  2:42  Adept  
  24  3:00  Probe  
  24  3:02  Immortal  
  29  3:13  Probe  
  30  3:25  Probe x2  
  31  3:34  Probe  
  32  3:39  Probe  
  34  3:43  Probe  
  35  3:51  Probe  
  36  3:55  Probe  
  36  4:00  Pylon  
  37  4:03  Probe  
  37  4:06  Adept x2  
  37  4:08  Probe  
  43  4:15  Probe  
  44  4:19  Immortal  
  44  4:20  Probe  
  44  4:22  Gateway  
  45  4:27  Probe  
  50  4:33  Adept  
  50  4:37  Adept  
  54  4:40  Probe  
  55  4:46  Probe  
  55  4:50  Assimilator  
  55  4:52  Assimilator  
  56  4:54  Probe  
  56  4:58  Adept  
  59  5:00  Adept  
  59  5:06  Pylon, Probe  
  62  5:11  Pylon  
  62  5:17  Twilight Council  
  62  5:20  Forge x2  
  62  5:24  Probe  
  63  5:37  Nexus  
  63  5:39  Probe  
  63  5:40  Assimilator  
  64  5:44  Assimilator  
  64  5:45  Pylon  
  64  5:47  Probe  
  64  5:54  Resonating Glaives, Immortal  
  69  5:59  Protoss Ground Weapons Level 1  
  69  6:01  Protoss Ground Armor Level 1  
  69  6:24  Pylon  
  69  6:27  Probe x2  
  71  6:35  Warp Prism  
  71  6:39  Probe x2  
  74  6:45  Stalker x3  
  68  6:51  Probe  
  68  6:52  Stargate, Probe  
  66  7:03  Probe  
  62  7:09  Stalker  
  62  7:10  Stalker  
  62  7:13  Stalker  
  62  7:15  Probe  
  68  7:23  Probe  
  68  7:28  Probe  
  70  7:31  Probe  
  70  7:39  Pylon  
  70  7:42  Probe  
  71  7:54  Probe  
  71  7:55  Photon Cannon  
  72  7:59  Photon Cannon  
  72  8:09  Photon Cannon, Probe  
  72  8:13  Photon Cannon  
  72  8:17  Probe  
  74  8:34  Probe  
  74  8:38  Probe  
  74  8:44  Probe x2  
  74  8:46  Probe  
  77  8:52  Probe  
  78  8:55  Probe  
  78  8:56  Probe  
  78  9:00  Probe  
  78  9:02  Photon Cannon  
  81  9:07  Photon Cannon  
  81  9:08  Probe x2  
  84  9:10  Photon Cannon  
  84  9:12  Probe  
  85  9:17  Photon Cannon  
  85  9:20  Probe x2  
  87  9:24  Probe  
  88  9:32  Probe x2  
  88  9:35  Photon Cannon  
  90  9:39  Photon Cannon  
  90  9:44  Photon Cannon  
  88  9:47  Probe  
  88  9:49  Probe  
  90  9:55  Probe  
  90  9:58  Protoss Ground Weapons Level 2, Protoss Ground Armor Level 2  
  91  10:02  Stargate  
  91  10:04  Stargate  
  91  10:05  Probe  
  91  10:09  Cybernetics Core  
  92  10:17  Probe  
  92  10:18  Protoss Air Weapons Level 1  
  93  10:25  Stalker x2  
  93  10:26  Stalker  
  71  10:57  Blink  
  71  11:03  Stargate  
  71  11:05  Stalker  
  71  11:06  Stalker x2  
  74  11:22  Gateway  
  74  11:23  Gateway  
  74  11:26  Gateway  
  74  11:27  Gateway  
  74  11:29  Gateway  
  74  11:31  Stalker  
  74  11:32  Stalker x2  
  75  11:38  Probe  
  71  11:46  Probe  
  71  11:56  Adept x2, Probe  
  71  11:57  Adept  
  70  12:08  Probe  
  67  12:13  Pylon  
  67  12:16  Pylon  
  67  12:18  Photon Cannon  
  67  12:20  Photon Cannon, Probe  
  69  12:22  Probe  
  69  12:24  Photon Cannon  
  69  12:28  Void Ray x3  
  69  12:29  Void Ray  
  85  12:32  Probe  
  85  12:34  Protoss Shields Level 1, Probe  
  83  12:44  Probe  
  83  12:46  Protoss Air Armor Level 1  
  83  12:47  Probe  
  85  12:53  Photon Cannon  
  85  12:55  Photon Cannon  
  85  12:56  Probe  
  86  12:59  Probe  
  86  13:03  Shield Battery  
  87  13:06  Shield Battery  
  87  13:09  Probe  
  87  13:12  Shield Battery  
  88  13:14  Void Ray x2  
  88  13:16  Shield Battery  
  79  13:34  Void Ray x2  
  79  13:36  Probe  
  79  13:40  Probe  
  89  13:48  Probe  
  90  13:52  Probe  
  91  14:00  Probe  
  91  14:02  Fleet Beacon  
  92  14:04  Probe  
  93  14:12  Probe  
  93  14:16  Probe  
  95  14:24  Probe  
  95  14:28  Probe  
  81  14:39  Robotics Bay  
Show
View Real Time Build Order
Export as new Build Order

Cthulhu Zerg 

Build Orders: Hatch First 

Get SALT Encoding   

  12  0:01  Drone  
  13  0:08  Drone  
  14  0:20  Extractor, Drone  
  15  0:23  Overlord  
  16  0:42  Drone  
  16  0:52  Hatchery  
  16  0:55  Drone  
  16  0:58  Drone  
  17  1:06  Drone  
  18  1:18  Spawning Pool  
  17  1:27  Drone x2  
  17  1:31  Extractor  
  18  1:34  Drone  
  19  2:04  Queen  
  19  2:05  Queen  
  19  2:06  Zergling x2  
  19  2:07  Zergling x6  
  27  2:10  Extractor  
  26  2:17  Drone  
  26  2:20  Drone  
  28  2:39  Overlord  
  28  2:52  Evolution Chamber  
  28  2:57  Evolution Chamber  
  26  3:05  Roach Warren  
  25  3:12  Drone x2  
  27  3:13  Drone x3  
  27  3:14  Drone  
  28  3:28  Drone x6  
  33  3:45  Zergling x2  
  33  3:46  Zergling x2  
  35  3:51  Metabolic Boost  
  35  3:54  Zerg Ground Armor Level 1  
  35  4:01  Overlord x2  
  35  4:13  Spine Crawler  
  35  4:14  Spine Crawler  
  35  4:16  Spine Crawler  
  32  4:20  Drone  
  32  4:21  Drone x6  
  39  4:45  Lair  
  39  4:47  Pneumatized Carapace  
  39  4:53  Extractor  
  39  4:55  Extractor  
  37  5:08  Roach x2  
  37  5:09  Zergling x2  
  37  5:10  Zergling x2  
  37  5:11  Overlord x2  
  37  5:12  Overlord x2  
  42  5:48  Hydralisk Den  
  38  6:18  Overlord x6  
  38  6:27  Overseer  
  38  6:28  Zerg Missile Weapons Level 1  
  34  6:43  Hydralisk  
  34  6:44  Hydralisk x3  
  42  6:49  Spore Crawler  
  42  6:50  Spore Crawler  
  42  6:51  Hydralisk  
  42  6:52  Spore Crawler x2, Hydralisk x3  
  46  7:16  Hydralisk  
  46  7:17  Hydralisk x3  
  46  7:22  Muscular Augments  
  54  7:28  Drone  
  53  8:33  Grooved Spines  
  45  9:28  Drone  
  45  9:29  Drone x12, Hydralisk  
  45  9:30  Infestation Pit  
  45  9:31  Hydralisk x8  
  69  10:00  Hydralisk  
  69  10:01  Hydralisk x3  
  69  10:04  Zerg Missile Weapons Level 2  
  77  10:07  Zerg Ground Armor Level 2  
  53  10:39  Hydralisk x5  
  53  10:40  Infestor x3  
  69  11:07  Drone  
  69  11:08  Overlord x4  
  70  11:42  Hydralisk  
  70  11:43  Hydralisk x9  
  90  11:49  Hive  
  42  13:21  Hydralisk x9  
  52  13:28  Queen  
  52  13:29  Queen  
  52  13:34  Lurker Den  
  45  14:07  Zergling x2  
  45  14:08  Zergling x10  
Show
View Real Time Build Order
Export as new Build Order

Faust Zerg 

Build Orders: Hatch First 

Get SALT Encoding   

  12  0:02  Drone  
  13  0:10  Drone  
  14  0:15  Extractor  
  14  0:16  Drone  
  15  0:22  Overlord  
  15  0:41  Drone x2  
  17  0:56  Hatchery  
  16  0:57  Drone  
  16  1:01  Extractor  
  16  1:03  Drone  
  17  1:19  Spawning Pool  
  17  1:22  Drone  
  17  1:26  Drone  
  17  1:31  Drone  
  19  1:38  Overlord  
  19  2:09  Queen, Metabolic Boost  
  19  2:10  Queen  
  19  2:12  Drone  
  19  2:14  Drone  
  25  2:23  Drone  
  25  2:25  Drone  
  25  2:27  Drone  
  28  2:32  Baneling Nest  
  28  2:35  Drone  
  28  2:55  Overlord  
  28  2:59  Lair  
  28  3:01  Drone x3  
  28  3:02  Drone  
  32  3:12  Drone x2  
  34  3:13  Overlord  
  34  3:22  Zergling x2  
  34  3:23  Zergling x2  
  36  3:28  Zergling x6  
  36  3:29  Zergling x6  
  42  3:41  Zergling x2  
  42  3:42  Zergling x4  
  42  3:46  Spine Crawler  
  42  3:47  Baneling x2  
  42  3:48  Baneling  
  44  4:03  Zergling x6  
  44  4:04  Zergling x10  
  44  4:09  Baneling  
  52  4:10  Baneling  
  45  4:25  Zergling x8  
  47  4:46  Drone x6  
  45  4:53  Baneling x2  
  45  4:59  Burrow  
  45  5:06  Baneling x2  
  45  5:08  Zergling x10  
  45  5:10  Overlord  
  50  5:16  Evolution Chamber  
  43  5:28  Zergling x2  
  43  5:29  Zergling x2  
  45  5:37  Extractor  
  45  5:38  Drone x3  
  45  5:39  Extractor, Drone  
  45  5:40  Drone, Hatchery  
  45  5:41  Drone  
  48  5:45  Extractor, Drone x3  
  48  5:47  Zerg Melee Weapons Level 1  
  50  5:53  Overlord  
  50  6:10  Hatchery  
  49  6:22  Drone x2  
  49  6:23  Drone x4  
  55  6:27  Drone  
  55  6:28  Evolution Chamber, Spire  
  55  6:31  Drone  
  55  6:32  Drone x4  
  58  6:40  Zergling x8  
  58  6:46  Baneling  
  58  6:47  Baneling x2  
  61  6:49  Spore Crawler  
  61  6:52  Spore Crawler x2  
  61  6:53  Spore Crawler  
  57  6:58  Spore Crawler  
  57  6:59  Spore Crawler  
  55  7:04  Zergling x12  
  60  7:13  Zergling x2  
  60  7:14  Zergling x8  
  61  7:35  Zergling x2  
  61  7:36  Zergling x12  
  58  7:49  Zergling x6  
  55  7:53  Zergling x2  
  54  8:08  Zergling x2  
  54  8:09  Zergling x4  
  54  8:16  Zergling x2  
  54  8:18  Zergling x4  
  54  8:19  Zergling x2  
  58  8:22  Zerg Ground Armor Level 1, Zerg Missile Weapons Level 1  
  58  8:23  Hydralisk Den  
  51  8:39  Extractor, Hatchery  
  46  8:42  Extractor  
  46  8:47  Drone x2  
  46  8:48  Drone x6  
  47  9:02  Drone x2  
  49  9:04  Drone x3  
  52  9:23  Drone  
  53  9:28  Lurker Den  
  53  9:31  Drone x5  
  57  9:46  Hatchery  
  57  9:48  Mutalisk x6  
  68  9:57  Queen  
  70  10:01  Overlord x3  
  70  10:26  Zergling x2  
  70  10:27  Zergling x18  
  80  10:31  Zerg Melee Weapons Level 2, Zerg Missile Weapons Level 2  
  66  11:02  Hatchery  
  65  11:08  Zergling x2  
  65  11:09  Zergling x2  
  65  11:10  Overlord x4  
  65  11:11  Overlord  
  67  11:29  Zergling x2  
  67  11:30  Zergling x22  
  72  11:55  Drone x4  
  75  12:14  Drone x3  
  75  12:15  Drone x3  
  81  12:25  Corruptor x2  
  58  12:44  Corruptor  
  58  12:45  Corruptor x6  
  58  12:46  Corruptor  
  52  13:19  Corruptor  
  40  13:20  Corruptor x5  
  40  13:21  Corruptor x3  
Tags
 
Add a new tag
Caveats
  • Supply blocks, unpowered buildings, or Contaminate may cause inaccurate times.
  • Supply counts are checked every 10 seconds.